AoeStats
← sebas4fr

Nomad

509713814Analyzed
4v4 RM · 5d ago on Sep 27, 2026· 56m 33s· 8 players
Game mode
Random Map
Map size
231×231
Population
200
Speed
Normal
Resources
Standard
Victory
Conquest
Starting age
Dark Age
Ending age
Imperial Age
RankedLock teamsTeams togetherTeam positionsShared explorationLock speedFull tech treeHidden civsTurbo modeCheats
Victory
Defeat
🇫🇮 Britons · Finland
1017
+14
🇨🇦 Vikings · Canada
962
+16
🇩🇪 Japanese · Germany
962
+16
🇩🇪 Persians · Germany
948
+17
🇫🇷 Ethiopians · France
1060
-19
🇨🇦 Varangians · Canada
1052
-19
🇲🇽 Varangians · Mexico
893
-13
🇲🇽 Sicilians · Mexico
873
-12
ButterMyHead
15:42 Feudal Age
15:31 Loom
20:31 Castle Age
19:12 Double-Bit Axe
19:10 Horse Collar
20:36 Stone Mining
22:44 Stone Shaft Mining
24:10 Gold Mining
25:42 Gold Shaft Mining
26:13 Heavy Plow
26:36 Husbandry
27:39 Man-at-Arms
28:19 Crossbowman
30:20 Bow Saw
34:04 Wheelbarrow
33:50 Loom
34:44 Bloodlines
36:37 Long Swordsman
37:18 Squires
39:57 Hand Cart
39:50 Fishing Lines
43:36 Imperial Age
41:40 Town Watch
43:55 Scale Barding Armor
44:34 Cavalier
44:43 Elite Skirmisher
46:56 Thumb Ring
47:01 Elite War Elephant
50:45 Savar
52:13 Crop Rotation
52:30 Fletching
52:40 Padded Archer Armor
53:37 Parthian Tactics
56:22 Two-Man Saw
55:31 Bodkin Arrow
55:57 Chain Barding Armor
Heremis
15:33 Feudal Age
14:30 Loom
16:05 Town Watch
16:58 Wheelbarrow
18:24 Horse Collar
19:16 Gold Mining
23:12 Castle Age
24:16 Fletching
25:37 Hand Cart
25:22 Bodkin Arrow
25:22 Double-Bit Axe
30:59 Fishing Lines
31:50 Bow Saw
34:14 Gillnets
35:06 Town Patrol
38:39 Heavy Plow
38:53 Stone Mining
39:42 Gold Shaft Mining
46:13 Imperial Age
45:16 Yeomen
47:06 Elite Longbowman
48:12 Conscription
48:23 Conscription
49:17 Bracer
49:18 Padded Archer Armor
50:24 Two-Man Saw
55:48 Hoardings
56:50 Leather Archer Armor
57:22 Ballistics
57:18 Masonry
57:14 Siege Engineers
57:05 Murder Holes
Jeanne d'Arc
6:09 Loom
15:21 Feudal Age
20:28 Castle Age
18:19 Double-Bit Axe
19:10 Horse Collar
19:24 Gold Mining
19:50 Stone Mining
20:44 Crossbowman
22:00 Bow Saw
21:53 Heavy Plow
23:52 Wheelbarrow
30:58 Gold Shaft Mining
36:09 Imperial Age
35:05 Elite Skirmisher
39:21 Elite Samurai
41:13 Kataparuto
42:17 Conscription
43:25 Two-Man Saw
45:37 Padded Archer Armor
45:28 Fletching
45:39 Scale Mail Armor
45:49 Forging
49:31 Chain Mail Armor
49:51 Iron Casting
49:12 Bodkin Arrow
49:32 Leather Archer Armor
Sebasyo El Negro
5:57 Loom
6:37 Loom
16:39 Feudal Age
16:51 Man-at-Arms
18:15 Arson
18:46 Scale Mail Armor
18:57 Forging
26:13 Fishing Lines
33:27 Castle Age
33:35 Long Swordsman
34:17 Squires
34:56 Iron Casting
34:36 Chain Mail Armor
38:46 Double-Bit Axe
38:44 Horse Collar
42:54 Heavy Plow
47:10 Imperial Age
47:55 Gold Mining
48:19 Two-Handed Swordsman
49:08 Gillnets
49:29 Champion
50:11 Elite Berserk
51:32 Plate Mail Armor
52:39 Blast Furnace
52:03 Elite Varangian Guard
54:26 Chieftains
54:50 Conscription
uselessplayer
3:55 Loom
16:30 Feudal Age
16:56 Horse Collar
17:02 Double-Bit Axe
17:14 Town Watch
22:09 Castle Age
23:29 Wheelbarrow
23:08 Bow Saw
23:00 Heavy Plow
32:05 Gold Mining
32:17 Stone Mining
32:18 Gold Mining
32:56 Hand Cart
36:00 Fletching
39:53 Imperial Age
38:56 Bodkin Arrow
39:11 Crossbowman
39:59 Padded Archer Armor
40:09 Thumb Ring
40:58 Bracer
40:48 Arbalester
44:44 Leather Archer Armor
45:44 Stone Shaft Mining
46:18 Two-Man Saw
46:29 Ballistics
50:58 Chemistry
reyangel141
5:00 Loom
16:07 Feudal Age
20:31 Castle Age
22:00 Wheelbarrow
25:36 Hand Cart
26:26 Double-Bit Axe
29:36 Pikeman
31:12 Fletching
41:23 Imperial Age
47:01 Imperial Age
48:45 Bow Saw
ShakierNutria74
4:41 Loom
14:34 Feudal Age
15:57 Double-Bit Axe
20:09 Castle Age
18:57 Horse Collar
21:14 Bow Saw
23:44 Stone Mining
27:14 Stone Shaft Mining
28:45 Wheelbarrow
29:22 Town Watch
30:31 Gold Mining
31:01 Heavy Plow
32:19 Town Patrol
35:27 Imperial Age
33:53 Hand Cart
36:37 Scale Barding Armor
37:14 Ballistics
37:55 Chemistry
36:41 Treadmill Crane
37:14 Elite Jarl
38:45 Murder Holes
40:45 Forging
40:55 Chain Barding Armor
43:07 Iron Casting
43:07 Plate Barding Armor
47:17 Blast Furnace
46:08 Fletching
46:19 Padded Archer Armor
48:09 Pikeman
48:50 Squires
48:36 Arson
49:56 Elite Varangian Guard
sebas4fr
3:09 Loom
14:11 Feudal Age
16:16 Double-Bit Axe
16:19 Town Watch
17:07 Fishing Lines
20:27 Castle Age
19:06 Wheelbarrow
18:36 Scale Mail Armor
18:46 Forging
19:26 Forging
20:29 Arson
21:20 Squires
21:46 Man-at-Arms
22:12 Gambesons
24:56 Iron Casting
24:36 Chain Mail Armor
25:51 Pikeman
39:09 Gambesons
49:26 Bow Saw
51:28 Iron Casting
51:36 Gillnets
53:28 Chain Mail Armor
54:08 Hand Cart
Connection lost

Rejoining the realm…

Still unreachable

The connection could not be restored.

Session expired

The server has moved on; the page needs a fresh start.